 Dungeon Crawl Stone Soup version 0.19.5 (webtiles) character file.

245 Keye the Conjurer (level 5, -8/28 HPs)
             Began as a Deep Elf Conjurer on May 3, 2017.
             Killed by divine providence
             ... invoked by an orc priest
              (13 damage)
             ... on level 4 of the Dungeon.
             The game lasted 00:11:09 (2792 turns).

Keye the Conjurer (Deep Elf Conjurer)               Turns: 2792, Time: 00:11:09

Health: -8/28      AC:  6    Str:  5    XL:     5   Next: 83%
Magic:  2/14       EV: 13    Int: 21    God:
Gold:   201        SH:  0    Dex: 15    Spells: 3 memorised, 8 levels left

rFire  . . .     SeeInvis .     y - +0 quarterstaff
rCold  . . .     Gourm    .     a - +0 robe
rNeg   . . .     Faith    .     (shield currently unavailable)
rPois  .         Spirit   .     f - +0 helmet
rElec  .         Reflect  .     t - +2 cloak
rCorr  .         Harm     .     (no gloves)
MR     .....                    (no boots)
Stlth  ++........               (no amulet)
                                (no ring)
                                (no ring)

@: no status effects
A: no striking features
a: no special abilities


You were on level 4 of the Dungeon.
You were not hungry.

You visited 1 branch of the dungeon, and saw 4 of its levels.

You collected 201 gold pieces.

Inventory:

Hand Weapons
 d - a +0 club
 g - a -2 dagger
 y - a +0 quarterstaff (weapon)
Armour
 a - a +0 robe (worn)
 f - a +0 helmet (worn)
 t - a +2 cloak (worn)
Wands
 x - a wand of enslavement (20/24)
Scrolls
 e - a scroll of identify
 i - a scroll of enchant armour
 j - a scroll of remove curse
Potions
 l - a potion of haste
 q - a potion of curing
 u - a potion of heal wounds
Books
 b - a book of Conjurations

   Spells                             Type                      Level
   a - Magic Dart                     Conjuration                  1
   b - Searing Ray                    Conjuration                  2
   c - Dazzling Spray                 Conjuration/Hexes            3
   d - Fulminant Prism                Conjuration/Hexes            4
   e - Iskenderun's Mystic Blast      Conjuration                  4
   f - Iskenderun's Battlesphere      Conjuration/Charms           5
 o - a book of Changes

   Spells                             Type                      Level
   a - Beastly Appendage              Transmutation                1
   b - Sticks to Snakes               Transmutation                2
   c - Spider Form                    Transmutation/Poison         3
   d - Ice Form                       Ice/Transmutation            4
   e - Blade Hands                    Transmutation                5
Comestibles
 c - 4 bread rations
 m - 2 meat rations
 p - 12 chunks of flesh
 w - a beef jerky


   Skills:
 - Level 2.4 Dodging
 - Level 2.4 Stealth
 + Level 5.0 Spellcasting
 * Level 7.0 Conjurations


You had 8 spell levels left.
You knew the following spells:

 Your Spells              Type           Power        Failure   Level  Hunger
a - Magic Dart            Conj           ####         1%          1    None
b - Searing Ray           Conj           #####.       1%          2    None
c - Dazzling Spray        Conj/Hex       ###...       10%         3    ##.....


Dungeon Overview and Level Annotations

Branches:
Dungeon (4/15)
 Temple: D:4-7

Altars:
Cheibriados
Fedhas
Hepliaklqana
Okawaru
Sif Muna
Yredelemnul
The Shining One


Message History

The orc is heavily wounded. (Press . to maintain the ray.)
The orc shouts!
The orc priest calls upon Beogh to heal the orc.
The orc's wounds heal themselves!
The searing ray hits the orc.
Without enough magic to sustain it, your searing ray dissipates.
The orc barely misses you. The orc closely misses you.
Casting: Searing Ray
Confirm with . or Enter, or press ? or * to list all spells.
You don't have enough magic to cast that spell.
The orc priest mumbles some strange prayers to Beogh against you.
Beogh smites you!
The orc priest calls down the wrath of Beogh upon you.
Beogh smites you!
* * * LOW HITPOINT WARNING * * *
The orc priest calls down the wrath of Beogh upon you.
Beogh smites you!
You die...

##### ....# ....#########
....).[).[..###
....#######...################...
....# ###...@o...oo....).....
....# ##################).. .....
....# ....# #####


You could see an orc priest and 2 orcs.

Vanquished Creatures
  A hound (D:3)
  An orc priest (D:3)
  2 orc wizards
  Robin (D:3)
  2 adders
  An ooze (D:4)
  A worm (D:2)
  3 dart slugs (D:1)
  A leopard gecko (D:2)
  11 orcs
  A ball python (D:2)
  4 bats
  A giant cockroach (D:2)
  11 goblins
  12 hobgoblins
  2 jackals (D:4)
  11 kobolds
  2 quokkas
  5 frilled lizards
  4 rats
77 creatures vanquished.

Notes
Turn   | Place    | Note
-------+----------+-------------------------------------------
     0 | D:1      | Keye the Deep Elf Conjurer began the quest for the Orb.
     0 | D:1      | Reached XP level 1. HP: 10/10 MP: 6/6
   153 | D:1      | Reached XP level 2. HP: 11/15 MP: 4/8
   199 | D:1      | Learned a level 2 spell: Searing Ray
   700 | D:1      | Reached skill level 5 in Conjurations
   758 | D:1      | Reached XP level 3. HP: 19/19 MP: 6/10
   881 | D:1      | Learned a level 3 spell: Dazzling Spray
  1106 | D:2      | Found an iron altar of Okawaru.
  1234 | D:2      | Found a glowing golden altar of the Shining One.
  1245 | D:2      | Found a deep blue altar of Sif Muna.
  1245 | D:2      | Found a basalt altar of Yredelemnul.
  1258 | D:2      | Found a hazy altar of Hepliaklqana.
  1268 | D:2      | Found a snail-covered altar of Cheibriados.
  1490 | D:3      | Noticed Robin
  1524 | D:2      | Reached XP level 4. HP: 22/24 MP: 1/12
  1887 | D:3      | Killed Robin
  2180 | D:3      | Reached skill level 6 in Conjurations
  2325 | D:3      | Reached XP level 5. HP: 28/28 MP: 5/14
  2483 | D:3      | Found a blossoming altar of Fedhas.
  2724 | D:4      | Reached skill level 5 in Spellcasting
  2724 | D:4      | Reached skill level 7 in Conjurations
  2792 | D:4      | Killed from afar by an orc priest

Skill      XL: |  1  2  3  4  5 |
---------------+----------------+-----
Conjurations   | 5 6 7 |  7.0
Spellcasting   | 4 5 |  5.0
Dodging        | |  2.4
Stealth        | |  2.4

Action                   |  1- 3 |  4- 6 || total
-------------------------+-------+-------++-------
Melee: Club              |     4 |       ||     4
       Dagger            |       |     2 ||     2
 Cast: Magic Dart        |    66 |    43 ||   109
       Searing Ray       |     2 |     8 ||    10
  Use: Scroll            |       |    11 ||    11
  Eat: Chunk             |     2 |     4 ||     6
Armor: Robe              |     1 |     2 ||     3
Dodge: Dodged            |    10 |    16 ||    26
